 Dungeon Crawl Stone Soup version 0.32-a0-607-g64ea0e4219 (webtiles) character file.

Game seed: 1315801513889923799

197 Ruich the Grave Robber (level 5, -4/35 HPs)
             Began as a Vampire Necromancer on Mar 4, 2024.
             Splashed by a jelly's acid (5 damage)
             ... on level 3 of the Dungeon.
             The game lasted 00:09:32 (3223 turns).

Ruich the Grave Robber (Vampire Necromancer)        Turns: 3223, Time: 00:09:32

Health: -4/35      AC: -5    Str:  9    XL:     5   Next: 46%
Magic:  7/9        EV: 14    Int: 17    God:
Gold:   159        SH:  0    Dex: 26    Spells: 0/10 levels left

rFire   . . .        g - +2 dagger (venom)
rCold   . . .        (no shield)
rNeg    . . .        a - +0 robe
rPois   +            (no helmet)
rElec   .            (no cloak)
rCorr   .            (no gloves)
SInv    +            n - +0 pair of boots "Coememad" {rPois Dex+5}
Will    .....        (no amulet)
Stlth   ++++         j - +6 ring of dexterity
HPRegen 0.45/turn    (no ring)
MPRegen 0.11/turn

%: no passive effects
@: weak-willed, corroded, jinxed, healing quickly, hasted, very quick
A: alive, fangs 3, see invisible, vampiric 2
a: Exsanguinate


You were on level 3 of the Dungeon.
You visited 1 branch of the dungeon, and saw 3 of its levels.

You collected 159 gold pieces.


Innate Abilities, Weirdness & Mutations

Your natural rate of healing is accelerated.
You have razor-sharp teeth.
You have supernaturally acute eyesight. (SInv)
You are afflicted with vampirism and can become a bat while bloodless.


   Skills:
 - Level 1.2 Short Blades
 - Level 3.2 Dodging
 - Level 5.0 Stealth
 - Level 3.0 Spellcasting
 + Level 0.9 Hexes
 + Level 5.4 Necromancy


You couldn't memorise any spells.
You knew the following spells:

 Your Spells              Type           Power      Damage    Failure   Level
a - Animate Dead          Necr           21%        N/A       19%         4
j - Jinxbite              Hex            10%        N/A       19%         2
n - Necrotise             Necr           84%        1d8       1%          1
v - Vampiric Draining     Necr           21%        2d7       5%          3

Your spell library contained the following spells:

 Spells                   Type           Power      Damage    Failure   Level
 Curse of Agony           Necr           21%        N/A       45%         5
 Dimensional Bullseye     Hex/Tloc       2%         N/A       82%         4
 Death Channel            Necr           10%        N/A       96%         6
 Infestation              Necr           10%        N/A       100%        8

Inventory:

Hand Weapons
 g - a +2 dagger of venom (weapon)
 p - the +2 morningstar of Vodka {elec, rElec rC+}
   (You found it on level 3 of the Dungeon)

   rC+:       It protects you from cold.
   rElec:     It insulates you from electricity.
Armour
 a - a +0 robe (worn)
 n - the +0 pair of boots "Coememad" (worn) {rPois Dex+5}
   (You found it on level 2 of the Dungeon)

   Dex+5:     It affects your dexterity (+5).
   rPois:     It protects you from poison.
Jewellery
 j - a +6 ring of dexterity (left hand)
Talismans
 d - a beast talisman
Scrolls
 c - a scroll of enchant weapon {unknown}
 f - 5 scrolls of identify {unknown}
 o - 2 scrolls of blinking {unknown}
 q - a scroll of revelation {unknown}
Potions
 b - 2 potions of magic
 e - 2 potions of haste {@q3}
 h - 4 potions of curing {unknown}
 i - a potion of invisibility {unknown}
 k - a potion of lignification {unknown}
 l - a potion of attraction {unknown}
 m - a potion of resistance {unknown}
 r - a potion of degeneration {unknown}
 s - 2 potions of enlightenment {unknown}
 t - a potion of brilliance {unknown}

Dungeon Overview and Level Annotations

Branches:
Dungeon (3/15)

Altars:
Ashenzari
Ru
Sif Muna

Annotations:
D:3 2 transporters, abessonov's ghost, amateur OnHW

########..##
###########.#
.......##..#
÷..P.PJP.##.#
.#####...#.#
...P.PJP.##.#
##.5.###...#
÷.÷P.÷J..##.#
.......##..#
..÷.J..P.##.#
...#.#..#..#
.÷......J##.#######
..W#.#..#..#
.J.P.P.÷.##.#......
.#.....##..#
#######'# #.#.#####
#...#..#...#
##.@J.J)##
#.#.#####
#©.=5#©..#
#.########
#.#...#..
...#W#..##
##..'....#
#.###.#.#
.#...#.##.#
####....###.....#.#
..##.#. #.#
#.......##...####.#
..#...#.#.#
#.......##.#......#
....#5.##.#
#.......##.......##
#..... #..#
#.......##.#.....##
##### ##.##
##.....###.#.....##


You could see a jelly and an endoplasm.


Message History

Unknown command.
Things that are here:
a +0 club; a kobold corpse The jelly attacks as it pursues you!
The jelly closely misses you.
Casting: Jinxbite (safe; 19% risk of failure)
Confirm with . or Enter, or press ? or * to list all spells.
You beckon some vexing sprites to accompany your attacks.
You feel your willpower being sapped.
Unknown command.
You hit the jelly.
Your hands burn!
You bite the jelly, but do no damage.
The jelly is lightly wounded.
The acid corrodes you!
You are splashed with acid!
You hit the jelly but do no damage.
Your hands burn!
The jelly is lightly wounded.
You are splashed with acid!
* * * LOW HITPOINT WARNING * * *
Unknown command.
The jelly attacks as it pursues you!
* * * LOW HITPOINT WARNING * * *
You are splashed with acid!
* * * LOW HITPOINT WARNING * * *
Unknown command.
Unknown command.
It was a potion of haste.
You feel yourself speed up. The jelly barely misses you.
Unknown command.
The jelly attacks as it pursues you!
* * * LOW HITPOINT WARNING * * *
The acid corrodes you!
You are splashed with acid.
You die...

Skill      XL: |  1  2  3  4  5 |
---------------+----------------+-----
Stealth        | 4 5 |  5.0
Dodging        | 3 |  3.2
Necromancy     | 5 |  5.4
Short Blades   | 1 |  1.2
Spellcasting   | 3 |  3.0
Hexes          | |  0.9

Action                     |  1- 3 |  4- 6 || total
---------------------------+-------+-------++-------
  Melee: Unarmed           |     7 |       ||     7
         Club              |    16 |     5 ||    21
         Dagger            |       |    42 ||    42
         Morningstar       |       |     8 ||     8
         Whip              |       |     2 ||     2
         Bite              |       |     5 ||     5
   Cast: Necrotise         |    61 |    30 ||    91
         Jinxbite          |       |     2 ||     2
    Use: Potion            |       |     1 ||     1
   Stab: Sleeping          |       |     7 ||     7
         Distracted        |       |     1 ||     1
 Armour: Robe              |    36 |    36 ||    72
  Dodge: Dodged            |    59 |    53 ||   112

Levels and vault maps discovered:
D:1:      amcnicky_arrival_single_pillar, layout_loops_corners,
          shapermc_ecumenical_altar_mp_vishouse
D:2:      layout_loops_ring
D:3:      cheibrodos_fertilizer, layout_basic, pf_just_have_faith,
          mainiacjoe_overflow_catch_the_wave, gammafunk_ghost_stat_death

Notes
Turn   | Place    | Note
-------+----------+-------------------------------------------
     0 | D:1      | Ruich the Vampire Necromancer began the quest for the Orb.
     0 | D:1      | Reached XP level 1. HP: 13/13 MP: 3/3
   111 | D:1      | Found a faded altar of an unknown god.
   637 | D:1      | Reached XP level 2. HP: 19/19 MP: 3/5
  1238 | D:1      | Gained mutation: You are afflicted with vampirism and can
                  | become a bat while bloodless. [Vampire growth]
  1238 | D:1      | Reached XP level 3. HP: 24/24 MP: 2/6
  1279 | D:1      | Learned a level 3 spell: Vampiric Draining
  1406 | D:2      | Reached skill level 4 in Stealth
  1517 | D:2      | Got the Compilation of Fate and Spectres
  1619 | D:2      | Reached skill level 3 in Dodging
  1670 | D:2      | Reached XP level 4. HP: 22/30 MP: 0/7
  1875 | D:2      | Identified the +0 pair of boots "Coememad" {rPois Dex+5}
  2139 | D:2      | Reached skill level 5 in Necromancy
  2410 | D:3      | Identified the +2 morningstar of Vodka {elec, rElec rC+}
  2480 | D:3      | Found a sacrificial altar of Ru.
  2577 | D:3      | Reached XP level 5. HP: 30/35 MP: 5/9
  2581 | D:3      | Reached skill level 1 in Short Blades
  2581 | D:3      | Reached skill level 5 in Stealth
  2581 | D:3      | Reached skill level 3 in Spellcasting
  2636 | D:3      | Found a broken altar of Ashenzari.
  2680 | D:3      | Found a shimmering blue altar of Sif Muna.
  2690 | D:3      | Found a transporter.
  2697 | D:3      | Found a transporter.
  2700 | D:3      | Noticed abessonov's ghost (amateur OnHW)
  2863 | D:3      | Identified the +0 ring mail of Jeggom {Rampage rElec rN+
                  | Str+2}
  2965 | D:3      | Learned a level 2 spell: Jinxbite
  2971 | D:3      | Learned a level 4 spell: Animate Dead
  3221 | D:3      | HP: 2/35 [acid (7)]
  3223 | D:3      | Splashed by a jelly's acid

Vanquished Creatures
  An orc priest (D:3)
  An orc wizard (D:3)
  7 adders
  A ribbon worm (D:3)
  An orc (D:3)
  8 endoplasms
  4 giant cockroaches
  5 goblins
  6 hobgoblins
  8 jackals
  10 kobolds
  A quokka (D:3)
  3 ball pythons
  4 bats
  A frilled lizard (D:2)
  4 rats
65 creatures vanquished.

Vanquished Creatures (collateral kills)
  An adder (D:2)
  An endoplasm (D:1)
  A rat (D:2)
3 creatures vanquished.

Grand Total: 68 creatures vanquished

Table legend: (Time is in decaauts)
 A = Elapsed time spent in this place.
 B = Non-inter-level travel time spent in this place.
 C = Inter-level travel time spent in this place.
 D = Time resting spent in this place.
 E = Time spent auto-exploring this place.
 F = Levels seen in this place.
 G = Mean time per level.
                   A        B        C        D        E       F      G
               +--------+--------+--------+--------+--------+-----+--------+
         Total |   3230 |   3072 |    158 |    412 |   1919 |   3 | 1076.7 |
       Dungeon |   3230 |   3072 |    158 |    412 |   1919 |   3 | 1076.7 |
               +--------+--------+--------+--------+--------+-----+--------+

Top non-repeatable levels by time:
     D:1: 1323 daAuts
     D:2: 1028 daAuts
     D:3: 878 daAuts

Table legend:
 A = Non-vault XP
 B = Vault XP
 C = Vault XP percentage of total XP
 D = Non-vault monster count
 E = Vault monster count
 F = Vault count percentage of total count
                 A         B        C        D         E       F
            +---------+---------+-------+---------+---------+-------
      Total |     271 |      11 |   3.9 |      60 |       8 |  11.8
            +---------+---------+-------+---------+---------+-------
        D:1 |      46 |       0 |   0.0 |      21 |       0 |   0.0
        D:2 |      93 |       0 |   0.0 |      21 |       0 |   0.0
        D:3 |     132 |      11 |   7.7 |      18 |       8 |  30.8
            +---------+---------+-------+---------+---------+-------
